 Dungeon Crawl Stone Soup version 0.28.0-49-g6dfe1f597d (webtiles) character file.

Game seed: 17974118329082687800

5436 101zpm the Thaumaturge (level 11, -6/58 HPs)
             Began as a Djinni Fire Elementalist on May 17, 2022.
             Was a Believer of Hepliaklqana.
             Mangled by a warg (16 damage)
             ... on level 9 of the Dungeon.
             The game lasted 00:29:27 (14624 turns).

101zpm the Thaumaturge (Djinni Fire Elementalist)  Turns: 14624, Time: 00:29:29

Health: -6/58      AC:  2    Str: 10    XL:     11   Next: 0%
Gold:   467        EV: 12    Int: 21    God:    Hepliaklqana [**....] SH:  0 Dex: 14

rFire   + + .      SeeInvis +   o - +6 flail of the Desert {venom, Str+3}
rCold   x . .      Faith    .   g - orb {mayhem}
rNeg    . . .      Spirit   .   a - +0 robe
rPois   ∞          Reflect  .   (no helmet)
rElec   .          Harm     .   (no cloak)
rCorr   .          Rampage  .   (no gloves)
Will    +....                   (boots unavailable)
Stlth   ++........              (no amulet)
HPRegen 0.19/turn               e - ring of see invisible
MPRegen 0.00/turn               (no ring)

@: flying
A: reduced essence, sickness immunity, fire resistance 2, cold vulnerability 1,
float, innate caster, HP casting, extra vitality 1
a: Renounce Religion, Ancestor Life: Knight, Ancestor Life: Battlemage, Ancestor
Life: Hexer, Recall Ancestor, Ancestor Identity


You were on level 9 of the Dungeon.
You worshipped Hepliaklqana.
Hepliaklqana was pleased with you.
You visited 2 branches of the dungeon, and saw 10 of its levels.

You collected 467 gold pieces.

Inventory:

Hand Weapons
 l - the +7 halberd of Checkmate {venom, Drain rElec Will+ Dex+4}
   (You found it on level 8 of the Dungeon)

   It poisons the flesh of those it strikes.
   Dex:       It affects your dexterity (+4).
   rElec:     It insulates you from electricity.
   Drain:     It drains your maximum health when unequipped.
   Will:      It increases your willpower.
 o - the +6 flail of the Desert (weapon) {venom, Str+3}
   (You found it on level 3 of the Dungeon)

   It poisons the flesh of those it strikes.
   Str:       It affects your strength (+3).
Missiles
 r - 267 stones
 w - 5 throwing nets
Armour
 a - a +0 robe (worn)
 g - an orb of mayhem (worn)
Jewellery
 e - a ring of see invisible (left hand)
 z - a ring of fire
Wands
 x - a wand of flame (17)
 y - a wand of iceblast (14)
 A - a wand of acid (3)
Scrolls
 b - a scroll of immolation
 d - a scroll of enchant weapon
 i - 4 scrolls of noise
 k - a scroll of teleportation
 m - a scroll of brand weapon
 q - a scroll of summoning
 s - a scroll of vulnerability
 v - 2 scrolls of identify
Potions
 c - a potion of might
 f - 3 potions of heal wounds {unknown}
 h - 2 potions of lignification {unknown}
 j - a potion of brilliance {unknown}
 n - a potion of experience {unknown}
 p - 6 potions of curing {unknown}
 t - a potion of attraction {unknown}
 u - a potion of magic {unknown}


   Skills:
 + Level 2.5 Dodging
 + Level 3.6 Stealth
 + Level 11.9 Spellcasting


You had 6 spell levels left.
You knew the following spells:

 Your Spells              Type           Power      Damage    Failure   Level
a - Foxfire               Conj/Fire      100%       2x1d9     1%          1
b - Scorch                Fire           100%       2d10      1%          2
c - Conjure Flame         Conj/Fire      58%        6-21      1%          3
d - Inner Flame           Hex/Fire       58%        N/A       1%          3
e - Flame Wave            Conj/Fire      58%        2d11      1%          4
f - Apportation           Tloc           100%       N/A       1%          1
g - Searing Ray           Conj           100%       2d8       1%          2
h - Blink                 Tloc           100%       N/A       1%          2
i - Olgreb's Toxic Radia  Pois           58%        N/A       1%          4
j - Agony                 Necr           58%        N/A       1%          5
Your spell library was empty.

Dungeon Overview and Level Annotations

Branches:
Dungeon (9/15)             Temple (1/1) D:6
   Lair: D:8-11         Orc: D:9-12

Altars:
Ashenzari
Cheibriados
Dithmenos
Elyvilon
Fedhas
Gozag
Hepliaklqana
Kikubaaqudgha
Makhleb
Nemelex Xobeh
Okawaru
Qazlal
Ru
Sif Muna
Trog
Uskayaw
Vehumet
Wu Jian
Xom
Yredelemnul
Zin
The Shining One

Shops:
D:2 *

Annotations:
D:3 1 runed translucent door, Crazy Yiuf
D:7 3 runed translucent doors, CryoSword's ghost, novice DgAE


Innate Abilities, Weirdness & Mutations

Your life essence is reduced to manifest your ancestor. (-10% HP)
You are immune to sickness and miasma.
You are immune to poison.
Your flesh is very heat resistant. (rF++)
You are vulnerable to cold. (rC-)
You float through the air rather than walking.
You learn spells naturally, not from books.
Your magical power is your life essence.
You have superior vitality. (+4 MHP)


Message History

The orc wizard looks even sicker.
You kill the orc wizard!
The orc warrior looks even sicker.
The foxfire hits the warg but does no damage.
The warg is moderately wounded.
The foxfire hits the warg!
The warg is heavily wounded.
The warg barely misses you.
Wilburh closely misses the warg.
Casting: Olgreb's Toxic Radiance (safe; 1% risk of failure)
Confirm with . or Enter, or press ? or * to list all spells.
Aiming: Inner Flame (safe; 1% risk of failure)
Press: ? - help, Dir - move target, f - orc priest
Aim: an orc priest, wielding a +0 hand axe (moderately wounded, poisoned, chance to affect: 95%)
The orc priest is filled with an inner flame.
Flame seeps out of the orc priest.
The orc priest looks even sicker.
You kill the orc!
The warg flies into a frenzy!
You kill the orc wizard!
Your toxic aura wanes.
Flame seeps out of the orc priest.
The warg barely misses you.
The warg bites the orc priest!
The orc priest explodes!
The fiery explosion engulfs the orc warrior!!
You kill the orc warrior!
The fiery explosion engulfs the warg!!
The warg is severely wounded.
The warg bites you!!
* * * LOW HITPOINT WARNING * * *
Wilburh hits the warg.
You hear a shout!
You have reached level 11!
The power to cast Agony wells up from within.
Spell assigned to 'j'.
You are too injured to fight recklessly!
Casting: Foxfire (safe; 1% risk of failure)
Press: ? - help, Q - select action, (/) - cycle Dir - look around, f - activate You conjure some foxfire!
* * * LOW HITPOINT WARNING * * *
The warg is engulfed in blazing flames.
The warg bites you!
You die...

... # . .... .#..
.... ######§).. .....
#.§.§)§...
...####.#v.§§§..
#......@h.h○§.)
####.##vR.##§§).
.###.......### .
.....##..### #...
#.>.#######. ##..#
#.#......... # #...#
#..#........# #
#.#.##..##.........
###.#....##.........#


You could see the friendly Wilburh the ancestor and 2 neutral wargs.

Vanquished Creatures
  Maggie (D:6)
  Psyche (D:8)
  Grinder (D:6)
  3 slime creatures (D:8)
  Sigmund (D:3)
  A wyvern (D:7)
  3 vampire mosquitoes (D:8)
  An acid dragon (D:8)
  2 water moccasins (D:7)
  2 orc warriors
  A sky beast (D:7)
  4 ogres
  A necrophage (D:7)
  3 centaurs
  3 kobold brigands
  4 gnoll sergeants
  2 bullfrogs
  A scorpion (D:4)
  2 centaur zombies (D:7)
  2 centaur skeletons
  2 bullfrog zombies
  5 orc priests
  3 hounds (D:7)
  A gnoll shaman (D:7)
  2 bullfrog skeletons
  2 iguanas
  14 orc wizards
  A howler monkey zombie (D:7)
  13 gnolls
  6 adders
  A white imp (D:4)
  An ufetubus (D:4)
  3 worms
  3 dart slugs
  24 orcs
  7 endoplasms
  6 giant cockroaches
  14 goblins
  15 hobgoblins
  4 jackals
  9 quokkas
  6 ball pythons
  5 bats
  A frilled lizard (D:1)
  31 kobolds
  8 rats
226 creatures vanquished.

Vanquished Creatures (collateral kills)
  2 hounds (D:7)
  An orc priest (D:9)
  A gnoll shaman (D:7)
  An orc wizard (D:7)
  2 orcs
  A goblin (D:2)
  2 kobolds
  24 foxfires
34 creatures vanquished.

Vanquished Creatures (others)
  An orc wizard (D:6)
  An ancestor (D:9)
  A hobgoblin (D:7)
  A kobold (D:9)
  890 foxfires
  14 plants
908 creatures vanquished.

Grand Total: 1168 creatures vanquished

Notes
Turn   | Place    | Note
-------+----------+-------------------------------------------
     0 | D:1      | 101zpm the Djinni Fire Elementalist began the quest for the
                  | Orb.
     0 | D:1      | Reached XP level 1. HP: 15/15 MP: 0/0
   216 | D:1      | Reached XP level 2. HP: 12/21 MP: 0/0
   753 | D:1      | Reached skill level 3 in Spellcasting
   926 | D:1      | Reached XP level 3. HP: 17/25 MP: 0/0
   926 | D:1      | Learned a level 1 spell: Apportation
  1795 | D:2      | Reached XP level 4. HP: 6/31 MP: 0/0
  2996 | D:2      | Found Geril's Assorted Antiques.
  3152 | D:2      | Found a faded altar of an unknown god.
  3152 | D:2      | Noticed an eye of devastation
  3157 | D:2      | Noticed a floating eye
  3157 | D:2      | Noticed a shining eye
  3157 | D:2      | Noticed a floating eye
  3705 | D:3      | Reached skill level 4 in Spellcasting
  3705 | D:3      | Reached XP level 5. HP: 28/35 MP: 0/0
  3705 | D:3      | Learned a level 2 spell: Searing Ray
  4197 | D:3      | Noticed a kobold brigand
  4280 | D:3      | Noticed Sigmund
  4285 | D:3      | Killed Sigmund
  4286 | D:3      | Reached skill level 5 in Spellcasting
  4286 | D:3      | Reached XP level 6. HP: 21/40 MP: 0/0
  4639 | D:3      | Identified the +6 flail of the Desert {venom, Str+3}
  4665 | D:3      | Found a stormy altar of Qazlal.
  4668 | D:3      | Found a hide-covered altar of Uskayaw.
  5033 | D:3      | Found a runed translucent door.
  5034 | D:3      | Noticed Crazy Yiuf
  6116 | D:4      | Reached XP level 7. HP: 42/45 MP: 0/0
  6116 | D:4      | Learned a level 2 spell: Blink
  6624 | D:5      | Entered Level 5 of the Dungeon
  6893 | D:5      | Reached skill level 6 in Spellcasting
  7005 | D:6      | Noticed Grinder
  7011 | D:6      | Killed Grinder
  7012 | D:6      | Reached XP level 8. HP: 41/50 MP: 0/0
  7220 | D:6      | Reached skill level 7 in Spellcasting
  7654 | D:6      | Noticed Maggie
  7660 | D:6      | Killed Maggie
  8216 | D:6      | Reached skill level 8 in Spellcasting
  8216 | D:6      | Reached XP level 9. HP: 47/55 MP: 0/0
  8216 | D:6      | Learned a level 4 spell: Olgreb's Toxic Radiance
  8898 | D:6      | Found a staircase to the Ecumenical Temple.
  8908 | Temple   | Entered the Ecumenical Temple
  9328 | Temple   | Became a worshipper of Hepliaklqana the Forgotten
  9512 | D:7      | Found a runed translucent gate.
  9514 | D:7      | Found a runed translucent gate.
  9514 | D:7      | Found an opulent altar of Gozag.
  9520 | D:7      | Found a runed translucent gate.
  9522 | D:7      | Noticed CryoSword's ghost (novice DgAE)
  9522 | D:7      | Noticed a five-headed hydra
  9522 | D:7      | Noticed a gargoyle
  9607 | D:7      | Reached skill level 9 in Spellcasting
 10662 | D:7      | Reached * piety under Hepliaklqana
 10862 | D:7      | Reached skill level 10 in Spellcasting
 10862 | D:7      | Reached XP level 10. HP: 34/54 MP: 0/0
 12468 | D:8      | Found a flagged portal.
 12480 | D:8      | Noticed Psyche
 12485 | D:8      | Killed Psyche
 12882 | D:8      | Reached skill level 11 in Spellcasting
 13594 | D:8      | Identified the +7 halberd of Checkmate {venom, Drain rElec
                  | Will+ Dex+4}
 14567 | D:9      | Reached ** piety under Hepliaklqana
 14624 | D:9      | Reached XP level 11. HP: 11/58 MP: 0/0
 14624 | D:9      | Learned a level 5 spell: Agony
 14624 | D:9      | Mangled by a warg

Illustrated notes

Levels and vault maps discovered:
D:1:      minmay_arrival_four_loops, layout_rooms, serial_park_tiny_2,
          chequers_garden, corexii_leaking_fountain
D:2:      layout_basic, serial_shops, shop,
          hellmonk_ecumenical_altar_watching_god
D:3:      layout_loops_ring, mainiacjoe_overflow_divided_tiny,
          lightli_corner_chamber, uniq_crazy_yiuf_cottage, uniq_sigmund
D:4:      layout_basic, kennysheep_generic_room_8
D:5:      layout_basic, eino_tiny_chamber
D:6:      layout_layer_cave, temple_hall, nicolae_grassy_gnolls, uniq_grinder,
          uniq_maggie
D:7:      kennysheep_housing_project, layout_cave_pods, ebering_ghost_gozag,
          minmay_tree_intersection, hangedman_abyss_or_decor_passed,
          hangedman_minor_gate_pass
D:8:      layout_basic, enter_bailey_4, uniq_psyche
D:9:      layout_rooms, erik_lair_orcish_takeover, serial_shops,
          nicolae_shop_window_shopping, nicolae_figureground_sparkle
Temple:   mainiacjoe_temple_big_plus

Skill      XL: |  1  2  3  4  5  6  7  8  9 10 |
---------------+-------------------------------+-----
Spellcasting   | 3 4 5 6 8 10 11 | 11.9
Stealth        | 2 3 |  3.6
Dodging        | |  2.5

Action                   |  1- 3 |  4- 6 |  7- 9 | 10-12 || total
-------------------------+-------+-------+-------+-------++-------
Melee: Flail             |       |     1 |       |     1 ||     2
 Cast: Foxfire           |    77 |   173 |   174 |   135 ||   559
       Scorch            |    10 |    17 |    27 |    16 ||    70
       Apportation       |     4 |       |       |       ||     4
       Inner Flame       |       |    14 |    54 |    63 ||   131
       Blink             |       |       |       |    14 ||    14
       Olgreb's Toxic Ra |       |       |       |     4 ||     4
       Conjure Flame     |       |       |       |     2 ||     2
       Searing Ray       |       |       |       |     2 ||     2
  Use: Scroll            |       |       |       |    10 ||    10
Armor: Robe              |     4 |       |     2 |     1 ||     7
Dodge: Dodged            |     2 |     3 |     8 |    10 ||    23
